General information
- name: BNet
- type: Ladder team game (AT/RT)
- host: Battle.net
- saver: Mime
map: FullScaleAssault
- players: 8
- length: 27:41
- speed: Fast
- version: 1.28 W3XP
- replay type: Public
» download(236 KB)
Players
team 1 (winner)
jestem (
orange | 70 APM | 1932 actions | 27:40)
8 Blademaster
1 Wind Walk
3 Critical Strike
3 Mirror Image
1 Bladestorm
» actions
| Assign group hotkey | 29 | |
| Basic commands | 1 | |
| Build / train | 78 | |
| Enter build submenu | 12 | |
| Enter hero's abilities submenu | 9 | |
| Give item / drop item | 5 | |
| Right click | 621 | |
| Select / deselect | 276 | |
| Select group hotkey | 789 | |
| Use ability | 112 | |
1932 total
» units
| Peon | 13 | |
| Raider | 15 | |
| Wind Rider | 2 | |
| Blue Dragon | 1 | |
31 total
» upgrades
| Melee Weapons | 3 | |
| Pillage | 1 | |
| Ensnare | 1 | |
| Armor | 3 | |
8 total
» buildings
| Altar of Storms | 1 | |
| Orc Burrow | 5 | |
| Voodoo Lounge | 1 | |
| War Mill | 1 | |
| Stronghold | 1 | |
| Beastiary | 2 | |
| Great Hall | 1 | |
| Fortress | 1 | |
13 total
» build order
00:12 Altar of Storms
00:19 Orc Burrow
00:38 Voodoo Lounge
01:32 War Mill
02:41 Stronghold
03:49 Orc Burrow
03:53 Orc Burrow
04:03 Orc Burrow
05:04 Beastiary
05:08 Beastiary
08:59 Orc Burrow
14:18 Great Hall
14:47 Fortress
» items
| Healing Salve | 6 | |
| Lesser Clarity Potion | 2 | |
| Scroll of Speed | 9 | |
| Boots of Speed | 1 | |
| Staff of Teleportation | 1 | |
| Scroll of Town Portal | 8 | |
| Orb of Lightning | 1 | |
28 total
Trouble (
green | 72 APM | 2000 actions | 27:40)
7 Death Knight
3 Death Coil
3 Unholy Aura
1 Animate Dead
6 Lich
3 Frost Nova
2 Frost Armor
1 Death and Decay
» actions
| Assign group hotkey | 36 | |
| Basic commands | 85 | |
| Build / train | 113 | |
| Enter build submenu | 23 | |
| Enter hero's abilities submenu | 13 | |
| Give item / drop item | 3 | |
| Right click | 547 | |
| Select / deselect | 278 | |
| Select group hotkey | 728 | |
| Use ability | 174 | |
2000 total
» units
| Acolyte | 12 | |
| Ghoul | 5 | |
| Crypt Fiend | 11 | |
| Frost Wyrm | 15 | |
43 total
» upgrades
| Creature Attack | 3 | |
| Creature Carapace | 3 | |
| Web | 1 | |
| Burrow | 1 | |
| Freezing Breath | 1 | |
9 total
» buildings
| Graveyard | 1 | |
| Crypt | 1 | |
| Ziggurat | 8 | |
| Altar of Darkness | 1 | |
| Tomb of Relics | 1 | |
| Nerubian Tower | 5 | |
| Necropolis | 1 | |
| Halls of the Dead | 2 | |
| Spirit Tower | 3 | |
| Black Citadel | 2 | |
| Sacrificial Pit | 1 | |
| Boneyard | 3 | |
29 total
» build order
00:05 Graveyard
00:07 Crypt
00:38 Ziggurat
00:57 Altar of Darkness
01:50 Tomb of Relics
02:23 Ziggurat
02:34 Nerubian Tower
02:34 Nerubian Tower
02:34 Nerubian Tower
04:18 Necropolis
05:21 Halls of the Dead
05:22 Halls of the Dead
05:30 Ziggurat
05:31 Ziggurat
06:27 Nerubian Tower
06:28 Spirit Tower
07:24 Ziggurat
07:51 Black Citadel
08:09 Sacrificial Pit
09:45 Ziggurat
09:50 Ziggurat
10:20 Boneyard
10:21 Boneyard
10:42 Boneyard
11:14 Ziggurat
11:17 Spirit Tower
11:18 Spirit Tower
» items
| Rod of Necromancy | 2 | |
| Dust of Appearance | 1 | |
| Sacrificial Skull | 1 | |
| Potion of Lesser Invulnerability | 2 | |
| Scroll of Protection | 2 | |
| Scroll of Healing | 4 | |
| Orb of Corruption | 1 | |
| Lesser Clarity Potion | 4 | |
| Scroll of Town Portal | 4 | |
| Orb of Lightning | 1 | |
| Potion of Mana | 3 | |
| Potion of Healing | 1 | |
26 total
Get_Schwifty (
purple | 61 APM | 1688 actions | 27:40)
5 Archmage
2 Summon Water Elemental
2 Brilliance Aura
1 Blizzard
5 Paladin
1 Holy Light
3 Devotion Aura
1 Divine Shield
» actions
| Assign group hotkey | 55 | |
| Basic commands | 29 | |
| Build / train | 86 | |
| Enter build submenu | 23 | |
| Enter hero's abilities submenu | 11 | |
| Give item / drop item | 2 | |
| Remove unit from queue | 1 | |
| Right click | 665 | |
| Select / deselect | 404 | |
| Select group hotkey | 337 | |
| Use ability | 74 | |
1688 total
» units
| Peasant | 11 | |
| Footman | 7 | |
| Rifleman | 3 | |
| Goblin Shredder | 1 | |
| Siege Engine | 10 | |
| Knight | 5 | |
| Goblin Zeppelin | 1 | |
| Mortar Team | 8 | |
46 total
» upgrades
| Gunpowder | 3 | |
| Plating | 3 | |
| Barrage | 1 | |
| Animal War Training | 1 | |
| Swords | 1 | |
| Fragmentation Shards | 1 | |
| Armor | 1 | |
11 total
» buildings
| Altar of Kings | 2 | |
| Barracks | 1 | |
| Farm | 14 | |
| Town Hall | 1 | |
| Lumber Mill | 1 | |
| Arcane Vault | 1 | |
| Keep | 1 | |
| Blacksmith | 1 | |
| Castle | 1 | |
| Workshop | 3 | |
| Scout Tower | 7 | |
| Guard Tower | 2 | |
35 total
» build order
00:09 Altar of Kings
00:14 Barracks
00:22 Farm
00:42 Farm
02:05 Farm
03:12 Town Hall
03:40 Lumber Mill
04:26 Farm
04:27 Farm
04:41 Arcane Vault
05:37 Keep
06:05 Blacksmith
06:22 Farm
06:49 Farm
06:50 Farm
06:51 Farm
08:08 Castle
08:24 Workshop
08:30 Workshop
08:33 Workshop
11:03 Farm
11:03 Farm
11:04 Farm
11:04 Farm
13:50 Altar of Kings
13:56 Scout Tower
13:57 Scout Tower
13:59 Scout Tower
14:01 Scout Tower
14:06 Scout Tower
14:07 Scout Tower
14:08 Scout Tower
14:58 Guard Tower
15:36 Guard Tower
19:21 Farm
» items
| Scroll of Regeneration | 3 | |
| Lesser Clarity Potion | 2 | |
| Potion of Healing | 1 | |
| Scroll of Town Portal | 2 | |
8 total
Mime (
blue | 37 APM | 1028 actions | 27:41)
» actions
| Assign group hotkey | 9 | |
| Basic commands | 13 | |
| Build / train | 56 | |
| Enter build submenu | 111 | |
| Remove unit from queue | 2 | |
| Right click | 301 | |
| Select / deselect | 350 | |
| Select group hotkey | 15 | |
| Use ability | 171 | |
1028 total
» units
| Peon | 21 | |
| Goblin Shredder | 6 | |
| Goblin Zeppelin | 4 | |
| Goblin Sapper | 6 | |
| Troll Batrider | 3 | |
| Blue Dragon | 1 | |
41 total
» upgrades
| Spiked Barricades | 3 | |
| Reinforced Defenses | 1 | |
| Ranged Weapons | 3 | |
| Armor | 2 | |
| Troll Regeneration | 1 | |
| Liquid Fire | 1 | |
11 total
» buildings
| Orc Burrow | 4 | |
| War Mill | 2 | |
| Watch Tower | 103 | |
| Stronghold | 1 | |
| Great Hall | 3 | |
| Altar of Storms | 1 | |
| Voodoo Lounge | 5 | |
| Fortress | 1 | |
| Beastiary | 4 | |
| Barracks | 1 | |
125 total
» build order
00:37 Orc Burrow
00:47 War Mill
01:54 Orc Burrow
03:41 Watch Tower
03:43 Watch Tower
03:46 Watch Tower
03:48 Watch Tower
04:14 Watch Tower
04:20 Watch Tower
04:25 Watch Tower
04:31 Watch Tower
05:13 Orc Burrow
05:36 Stronghold
05:59 Watch Tower
06:02 Watch Tower
06:32 Watch Tower
06:51 Watch Tower
07:03 Watch Tower
07:04 Watch Tower
07:14 Watch Tower
07:15 Watch Tower
07:20 Great Hall
07:22 Watch Tower
07:23 Watch Tower
07:23 Watch Tower
07:31 Watch Tower
07:41 Watch Tower
08:00 Watch Tower
08:08 Altar of Storms
08:22 Watch Tower
08:31 Watch Tower
08:42 Watch Tower
08:55 Voodoo Lounge
09:11 Voodoo Lounge
09:21 Fortress
09:33 Watch Tower
09:37 Watch Tower
09:42 Watch Tower
09:50 Watch Tower
10:33 Watch Tower
10:36 Watch Tower
10:39 Watch Tower
10:40 Watch Tower
10:42 Watch Tower
10:46 Watch Tower
10:50 Watch Tower
11:01 Watch Tower
11:04 Watch Tower
11:05 Watch Tower
11:10 Watch Tower
11:13 Watch Tower
11:15 Watch Tower
11:23 Watch Tower
12:04 Watch Tower
12:06 Watch Tower
12:06 Watch Tower
12:07 Watch Tower
12:08 Watch Tower
12:08 Watch Tower
12:09 Watch Tower
13:13 War Mill
14:05 Watch Tower
14:10 Watch Tower
14:33 Watch Tower
14:35 Watch Tower
14:39 Watch Tower
14:42 Watch Tower
14:43 Watch Tower
14:45 Watch Tower
16:44 Watch Tower
16:45 Watch Tower
16:48 Watch Tower
16:49 Watch Tower
18:13 Great Hall
18:19 Voodoo Lounge
18:22 Watch Tower
18:23 Watch Tower
18:24 Watch Tower
18:25 Watch Tower
18:31 Watch Tower
18:32 Watch Tower
18:33 Watch Tower
18:34 Watch Tower
18:56 Watch Tower
18:58 Watch Tower
19:00 Watch Tower
19:01 Watch Tower
19:36 Watch Tower
19:36 Watch Tower
19:37 Watch Tower
19:37 Watch Tower
19:37 Watch Tower
19:38 Watch Tower
19:39 Watch Tower
19:39 Watch Tower
19:40 Watch Tower
19:40 Watch Tower
20:44 Watch Tower
20:46 Watch Tower
20:47 Watch Tower
20:48 Watch Tower
20:51 Watch Tower
21:38 Watch Tower
21:40 Watch Tower
21:41 Watch Tower
21:43 Watch Tower
21:44 Watch Tower
22:50 Great Hall
22:53 Watch Tower
22:54 Watch Tower
22:55 Watch Tower
22:56 Watch Tower
22:57 Watch Tower
23:03 Watch Tower
23:04 Watch Tower
23:05 Watch Tower
23:07 Voodoo Lounge
23:12 Beastiary
23:12 Beastiary
23:14 Beastiary
23:17 Beastiary
23:25 Voodoo Lounge
23:26 Barracks
25:43 Watch Tower
26:26 Orc Burrow
team 2 (loser)
blamethewhine (
yellow | 72 APM | 1967 actions | 27:27)
4 Death Knight
2 Death Coil
2 Unholy Aura
3 Lich
2 Frost Nova
1 Dark Ritual
» actions
| Assign group hotkey | 30 | |
| Basic commands | 23 | |
| Build / train | 79 | |
| Enter build submenu | 32 | |
| Enter hero's abilities submenu | 8 | |
| Give item / drop item | 2 | |
| Remove unit from queue | 5 | |
| Right click | 863 | |
| Select / deselect | 380 | |
| Select group hotkey | 453 | |
| Use ability | 92 | |
1967 total
» units
| Acolyte | 18 | |
| Crypt Fiend | 6 | |
| Ghoul | 4 | |
| Frost Wyrm | 8 | |
| Goblin Zeppelin | 1 | |
37 total
» upgrades
| Creature Carapace | 1 | |
| Web | 1 | |
| Burrow | 1 | |
| Creature Attack | 1 | |
4 total
» buildings
| Graveyard | 2 | |
| Crypt | 1 | |
| Ziggurat | 11 | |
| Altar of Darkness | 1 | |
| Necropolis | 2 | |
| Halls of the Dead | 3 | |
| Tomb of Relics | 2 | |
| Black Citadel | 4 | |
| Sacrificial Pit | 1 | |
| Spirit Tower | 4 | |
| Slaughterhouse | 2 | |
| Boneyard | 5 | |
38 total
» build order
00:03 Graveyard
00:24 Crypt
00:41 Ziggurat
00:58 Altar of Darkness
01:50 Ziggurat
02:50 Ziggurat
04:43 Necropolis
05:19 Halls of the Dead
05:44 Tomb of Relics
07:39 Ziggurat
07:41 Ziggurat
07:42 Ziggurat
08:03 Black Citadel
08:04 Black Citadel
08:04 Black Citadel
08:39 Sacrificial Pit
08:51 Spirit Tower
08:56 Spirit Tower
10:08 Spirit Tower
10:10 Slaughterhouse
10:54 Ziggurat
10:55 Ziggurat
11:15 Tomb of Relics
12:40 Graveyard
12:45 Boneyard
12:46 Boneyard
13:40 Boneyard
13:41 Boneyard
14:30 Boneyard
16:52 Ziggurat
16:58 Ziggurat
18:23 Slaughterhouse
19:12 Halls of the Dead
19:13 Halls of the Dead
19:45 Spirit Tower
21:11 Necropolis
23:18 Ziggurat
» items
| Potion of Mana | 1 | |
| Scroll of Town Portal | 5 | |
| Scroll of Regeneration | 1 | |
| Orb of Corruption | 1 | |
| Scroll of Healing | 2 | |
| Potion of Healing | 1 | |
11 total

»
p.d.k (
red | 45 APM | 1235 actions | 27:18)
3 Archmage
2 Summon Water Elemental
1 Brilliance Aura
3 Paladin
2 Holy Light
1 Divine Shield
» actions
| Assign group hotkey | 20 | |
| Build / train | 64 | |
| ESC pressed | 1 | |
| Enter build submenu | 48 | |
| Enter hero's abilities submenu | 6 | |
| Right click | 569 | |
| Select / deselect | 440 | |
| Select group hotkey | 11 | |
| Use ability | 76 | |
1235 total
» units
| Peasant | 22 | |
| Gryphon Rider | 15 | |
| Priest | 2 | |
39 total
» upgrades
| Lumber Harvesting | 2 | |
| Priest Training | 2 | |
| Storm Hammers | 1 | |
| Armor | 1 | |
6 total
» buildings
| Altar of Kings | 1 | |
| Barracks | 1 | |
| Farm | 15 | |
| Lumber Mill | 1 | |
| Scout Tower | 12 | |
| Guard Tower | 7 | |
| Keep | 1 | |
| Arcane Vault | 2 | |
| Castle | 1 | |
| Gryphon Aviary | 2 | |
| Arcane Sanctum | 2 | |
| Town Hall | 4 | |
| Blacksmith | 1 | |
50 total
» build order
00:08 Altar of Kings
00:21 Barracks
00:26 Farm
01:08 Lumber Mill
01:14 Farm
01:16 Farm
01:54 Scout Tower
02:01 Scout Tower
02:07 Scout Tower
02:23 Scout Tower
02:28 Guard Tower
02:45 Guard Tower
03:23 Guard Tower
04:06 Keep
04:36 Farm
04:39 Farm
05:42 Farm
06:13 Arcane Vault
06:20 Farm
06:29 Castle
06:46 Gryphon Aviary
06:51 Arcane Sanctum
06:55 Gryphon Aviary
07:08 Arcane Sanctum
09:20 Town Hall
10:41 Blacksmith
11:13 Arcane Vault
12:25 Farm
12:28 Farm
12:33 Farm
13:15 Town Hall
13:18 Scout Tower
13:22 Scout Tower
13:28 Farm
14:43 Town Hall
14:45 Scout Tower
14:48 Scout Tower
14:52 Farm
15:20 Town Hall
15:32 Scout Tower
15:41 Scout Tower
16:05 Scout Tower
16:06 Guard Tower
16:27 Scout Tower
16:39 Guard Tower
16:48 Farm
16:59 Guard Tower
17:34 Guard Tower
17:38 Farm
19:23 Farm
» items
| Scroll of Regeneration | 1 | |
| Lesser Clarity Potion | 1 | |
2 total
GhosTuR (
pink | 99 APM | 2729 actions | 27:39)
4 Archmage
2 Summon Water Elemental
2 Brilliance Aura
3 Paladin
1 Holy Light
2 Devotion Aura
» actions
| Assign group hotkey | 31 | |
| Build / train | 120 | |
| ESC pressed | 1 | |
| Enter build submenu | 33 | |
| Enter hero's abilities submenu | 7 | |
| Give item / drop item | 7 | |
| Remove unit from queue | 2 | |
| Right click | 1372 | |
| Select / deselect | 419 | |
| Select group hotkey | 653 | |
| Use ability | 84 | |
2729 total
» units
| Peasant | 22 | |
| Rifleman | 11 | |
| Gryphon Rider | 17 | |
| Priest | 10 | |
| Siege Engine | 1 | |
61 total
» upgrades
| Armor | 3 | |
| Priest Training | 2 | |
| Storm Hammers | 1 | |
| Swords | 1 | |
7 total
» buildings
| Barracks | 1 | |
| Blacksmith | 1 | |
| Farm | 15 | |
| Altar of Kings | 1 | |
| Town Hall | 1 | |
| Scout Tower | 7 | |
| Arcane Vault | 1 | |
| Keep | 3 | |
| Arcane Tower | 2 | |
| Lumber Mill | 1 | |
| Guard Tower | 4 | |
| Castle | 2 | |
| Gryphon Aviary | 2 | |
| Arcane Sanctum | 1 | |
42 total
» build order
00:52 Barracks
00:55 Blacksmith
01:07 Farm
01:22 Altar of Kings
01:39 Farm
02:26 Farm
03:15 Farm
04:14 Farm
04:58 Farm
05:54 Farm
06:05 Town Hall
06:37 Farm
07:28 Scout Tower
07:43 Arcane Vault
07:52 Keep
07:56 Arcane Tower
07:59 Scout Tower
08:05 Scout Tower
08:09 Lumber Mill
08:30 Scout Tower
08:44 Scout Tower
09:03 Farm
09:12 Farm
09:34 Guard Tower
09:47 Farm
09:59 Farm
10:13 Castle
10:13 Castle
10:45 Farm
12:06 Scout Tower
12:15 Gryphon Aviary
12:16 Gryphon Aviary
12:32 Guard Tower
12:33 Guard Tower
12:35 Scout Tower
13:22 Guard Tower
13:25 Farm
14:08 Farm
15:35 Arcane Sanctum
18:52 Keep
» items
| Scroll of Town Portal | 4 | |
| Potion of Healing | 3 | |
| Orb of Fire | 1 | |
| Scroll of Regeneration | 2 | |
| Scroll of Protection | 3 | |
13 total
dsadwe123123123 (
teal | 107 APM | 2756 actions | 25:51)
5 Mountain King
3 Storm Bolt
2 Bash
4 Paladin
2 Holy Light
2 Divine Shield
» actions
| Assign group hotkey | 30 | |
| Basic commands | 237 | |
| Build / train | 151 | |
| ESC pressed | 2 | |
| Enter build submenu | 44 | |
| Enter hero's abilities submenu | 9 | |
| Give item / drop item | 2 | |
| Remove unit from queue | 1 | |
| Right click | 536 | |
| Select / deselect | 965 | |
| Select group hotkey | 673 | |
| Use ability | 99 | |
2756 total
» units
| Peasant | 31 | |
| Siege Engine | 6 | |
| Mortar Team | 13 | |
50 total
» upgrades
| Lumber Harvesting | 2 | |
| Masonry | 3 | |
| Gunpowder | 4 | |
| Plating | 3 | |
| Barrage | 1 | |
| Flare | 1 | |
| Fragmentation Shards | 1 | |
| Armor | 2 | |
17 total
» buildings
| Altar of Kings | 1 | |
| Farm | 13 | |
| Arcane Vault | 2 | |
| Lumber Mill | 2 | |
| Scout Tower | 18 | |
| Guard Tower | 15 | |
| Keep | 1 | |
| Town Hall | 1 | |
| Castle | 5 | |
| Blacksmith | 1 | |
| Workshop | 3 | |
62 total
» build order
00:24 Altar of Kings
00:40 Farm
00:56 Farm
01:09 Arcane Vault
01:19 Lumber Mill
01:36 Scout Tower
02:23 Guard Tower
02:42 Scout Tower
03:12 Guard Tower
03:39 Keep
05:17 Town Hall
05:38 Scout Tower
05:39 Scout Tower
05:41 Scout Tower
05:44 Scout Tower
06:09 Guard Tower
06:17 Guard Tower
06:17 Guard Tower
06:19 Farm
06:20 Guard Tower
06:20 Guard Tower
07:01 Farm
07:11 Castle
07:11 Castle
07:12 Castle
07:17 Blacksmith
07:55 Farm
08:05 Farm
08:06 Farm
08:50 Workshop
08:51 Workshop
08:56 Workshop
09:07 Farm
09:31 Farm
09:58 Scout Tower
09:59 Scout Tower
10:06 Scout Tower
10:07 Scout Tower
10:15 Scout Tower
11:09 Farm
11:21 Guard Tower
12:03 Guard Tower
12:43 Farm
12:57 Farm
12:58 Farm
12:59 Scout Tower
13:27 Guard Tower
13:41 Lumber Mill
16:05 Arcane Vault
17:17 Scout Tower
20:52 Guard Tower
20:53 Scout Tower
21:27 Guard Tower
21:33 Scout Tower
21:38 Scout Tower
22:20 Guard Tower
22:24 Scout Tower
22:27 Scout Tower
» items
| Scroll of Regeneration | 1 | |
| Lesser Clarity Potion | 1 | |
| Boots of Speed | 2 | |
| Circlet of Nobility | 9 | |
| Periapt of Vitality | 2 | |
| Orb of Corruption | 2 | |
| Scroll of Town Portal | 2 | |
19 total
Chat log
(00:08 / Allies) Trouble: hi
(00:13 / Allies) Trouble: 100g pls?
(00:17 / Allies) Get_Schwifty: hi
(00:24 / All) Trouble: sec pls
(00:29 / All) Trouble: nvm ^^
(00:49 / Allies) Trouble: ill do fiends wyrms
(01:21 / Allies) Trouble: purple u aa?
(01:27 / Allies) Get_Schwifty: yep tanks
(01:34 / Allies) Trouble: cool
(01:47 / Allies) Trouble: 1 orc pls taurens + shams
(02:36 / Allies) Trouble: blue? orange?
(02:38 / Allies) Trouble: units?
(03:34 / Allies) Get_Schwifty: wood?
(07:05 / Allies) Trouble: blue...
(07:09 / Allies) Trouble: get hero pls
(07:10 / Allies) Trouble: wtf
(07:29 / Allies) Trouble: its 3v4 guys
(07:44 / Allies) Get_Schwifty: but we have towers :D
(07:57 / Allies) Trouble: wood pls
(08:13 / Allies) Trouble: ty
(08:13 / Allies) Get_Schwifty: wood
(08:27 / Allies) Get_Schwifty: ty
(08:46 / Allies) Trouble: shop here pls blue
(10:58 / Allies) Trouble: ty
(12:43 / Allies) Trouble: blue are u ever gonna do units?
(15:47 / Allies) Get_Schwifty: what bliue ?
(16:18 / Allies) Mime: need a tank
(16:23 / Allies) Mime: so I could sapper
(16:24 / Allies) jestem: alll
(16:50 / Allies) Get_Schwifty: get big drago
(16:56 / Allies) Trouble: i fucked up 2 players
(17:30 / Allies) Get_Schwifty: gogo
(17:54 / Allies) Trouble: careful
(18:28 / Allies) Trouble: im b
(18:29 / Allies) Trouble: im b
(18:44 / Allies) Trouble: guys
(18:45 / Allies) Trouble: careful
(19:28 / Allies) Trouble: all come top
(19:45 / Allies) Get_Schwifty: gold for tp
(20:00 / Allies) Get_Schwifty: ty
(20:24 / Allies) Get_Schwifty: b green
(20:56 / Allies) Trouble: go?
(22:51 / Allies) Trouble: rebuild
(23:29 / Allies) Trouble: care
(24:00 / Allies) Trouble: fight
(24:04 / Allies) Mime: getting bats now
(24:36 / Allies) Trouble: GFIHGT
(24:58 / Allies) Trouble: WE NEED MORATSR
(25:04 / Allies) Get_Schwifty: iam making
(25:08 / Allies) Trouble: good
(25:48 / Allies) Trouble: gold pls
(26:02 / Allies) Trouble: rego
(26:50 / Allies) Get_Schwifty: gold for tp
(26:52 / All) Mime: whoops
(27:00 / All) Mime: didn't have upgrade
(27:29 / All) Trouble: with blue no units all game xDS
(27:30 / Allies) Get_Schwifty: gogo